 Dungeon Crawl Stone Soup version 0.16-a0-380-gc94ca1e (webtiles) character file.

7287 SumunSinsot the Cleaver (level 10, -2/139 HPs)
             Began as a Purple Draconian Berserker on Sept 12, 2014.
             Was a High Priest of Trog.
             Slain by a 11-headed hydra (11 damage)
             ... on Level 1 of the Lair of Beasts.
             The game lasted 01:07:13 (6351 turns).

SumunSinsot the Cleaver (DrBe)                      Turns: 6351, Time: 01:07:13

HP  -2/139       AC 11     Str 27      XL: 10   Next: 89%
MP   3/3         EV 16     Int  7      God: Trog [*****.]
Gold 310         SH  0     Dex 12      Spells:  0 memorised,  9 levels left

rFire  . . .     SeeInvis .     w - +4 battleaxe (antimagic)
rCold  . . .     Clarity  .     (armour unavailable)
rNeg   . . .     rCorr    +     (no shield)
rPois  .         rRot     .     (helmet restricted)
rElec  .         Spirit   .     u - +0 cloak
SustAb .         Warding  .     s - +0 pair of gloves (curse)
rMut   .         Stasis   .     d - +0 pair of boots
Gourm  .                        B - amulet of resist corrosion
MR     +....                    v - +1 ring of protection
                                n - ring of regeneration

@: berserking, very quick, somewhat resistant to hostile enchantments, extremely
unstealthy
A: breathe power, unfitting armour, cold-blooded, AC +7
a: Breathe Dispelling Energy, Burn Spellbooks, Berserk, Trog's Hand, Brothers in
Arms, Renounce Religion


You were on level 1 of the Lair of Beasts.
You worshipped Trog.
Trog was extremely pleased with you.
You were not hungry.

You visited 3 branches of the dungeon, and saw 11 of its levels.

You collected 550 gold pieces.
You spent 240 gold pieces at shops.

Inventory:

Hand weapons
 h - a +0 war axe of electrocution
 w - a +4 antimagic battleaxe (weapon)
 C - a +4 battleaxe of venom
 E - a +2 antimagic broad axe
Armour
 d - a +0 pair of boots (worn)
 s - a cursed +0 pair of gloves (worn)
 u - a +0 cloak (worn)
 y - a +0 helmet
Magical devices
 m - a wand of confusion (11)
 t - a wand of random effects (11)
Comestibles
 c - 12 bread rations
 i - 2 meat rations
Scrolls
 e - a scroll of magic mapping
 o - 5 scrolls of identify
 r - a scroll of fear
 z - a scroll of recharging
 A - 4 scrolls of teleportation
 D - a scroll of noise {unknown}
Jewellery
 k - an uncursed ring of positive energy
 l - an uncursed ring of flight
 n - a ring of regeneration (left hand)
 q - a +4 ring of evasion
 v - a +1 ring of protection (right hand)
 x - an uncursed amulet of resist mutation
 B - an amulet of resist corrosion (around neck)
 F - an uncursed amulet of guardian spirit {unknown}
Potions
 a - a potion of poison
 b - a potion of heal wounds
 f - 4 potions of agility
 g - 2 potions of invisibility
 j - 2 potions of might
 p - 4 potions of curing


   Skills:
 + Level 10.1 Fighting
 + Level 10.6 Axes
 + Level 9.4 Dodging
 + Level 3.0 Stealth


You had 9 spell levels left.
You didn't know any spells.

Dungeon Overview and Level Annotations

Branches:
Dungeon (9/15)             Temple (1/1) D:6            Lair (1/8) D:9
    Orc: D:9-12

Altars:
Ashenzari
Cheibriados
Dithmenos
Elyvilon
Fedhas
Kikubaaqudgha
Makhleb
Nemelex Xobeh
Okawaru
Qazlal
Sif Muna
Trog
Vehumet
Xom
Yredelemnul
Zin
The Shining One

Shops:
D:5 ?


Innate Abilities, Weirdness & Mutations

You can breathe bolts of energy.
You can dispel enchantments when you breathe energy.
Your rich purple scales are hard (AC +7).
Your body does not fit into most forms of armour.
Your cold-blooded metabolism reacts poorly to cold.


Message History

* * * LOW HITPOINT WARNING * * *
The nine-headed hydra bites you but does no damage.
The nine-headed hydra closely misses you.
The nine-headed hydra bites you!
* * * LOW HITPOINT WARNING * * *
The nine-headed hydra completely misses you.
The nine-headed hydra misses you. The nine-headed hydra bites you!
* * * LOW HITPOINT WARNING * * *
The nine-headed hydra closely misses you.
The nine-headed hydra bites you!
* * * LOW HITPOINT WARNING * * *
You hack one of the nine-headed hydra's heads off!
The eight-headed hydra grows two more!
You slice the ten-headed hydra!!
The ten-headed hydra is severely wounded.
You slice one of the ten-headed hydra's heads off!
The nine-headed hydra grows two more!
You hit the 11-headed hydra.
Your tail-slap misses the 11-headed hydra.
The 11-headed hydra is severely wounded.
The 11-headed hydra barely misses you. The 11-headed hydra bites you!
You die...

###..##
#####.....##
#.#......#..#
##.b......#.#
#.%P........#
#...........#
#..........##
#........P..#
##....@...###
##...D..##
#P..#.##
##.#### #. ..
##.


You could see a 11-headed hydra.

Vanquished Creatures
  Gastronok (D:8)
  Pikel (D:4)
  An elephant (D:9)
  A spiny frog (Lair:1)
  A komodo dragon (Lair:1)
  A spriggan (D:7)
  A wyvern (D:8)
  4 yaks
  A wraith (D:9)
  Grum (D:8)
  Edmund (D:5)
  Menkaure (D:6)
  7 wolves
  3 ice beasts
  A sky beast (D:7)
  A black bear (D:9)
  An orc warrior (D:7)
  3 ogres
  A centaur (D:8)
  A crocodile (D:9)
  Sigmund (D:2)
  3 giant frogs
  Blork the orc (D:8)
  3 scorpions (D:5)
  3 goliath beetles
  4 jellies (D:6)
  2 crimson imps
  4 hounds
  Crazy Yiuf (D:4)
  An orc priest (D:6)
  An iguana (D:6)
  2 orc wizards
  2 worker ants
  Ijyb (D:3)
  Jessica (D:2)
  A sheep (D:9)
  5 adders
  8 green rats (Lair:1)
  2 shadow imps
  4 worms
  An orc zombie (D:7)
  An iguana skeleton (D:5)
  2 orc skeletons
  6 giant geckos
  An ooze (D:1)
  27 orcs
  18 bats
  18 goblins
  16 hobgoblins
  12 jackals
  9 kobolds
  7 quokkas
  2 ball pythons
  4 giant cockroaches
  4 giant newts
  31 rats
  3 plants (D:9)
245 creatures vanquished.

Vanquished Creatures (collateral kills)
  Prince Ribbit (D:6)
1 creature vanquished.

Vanquished Creatures (others)
  5 orcs (D:4)
5 creatures vanquished.

Grand Total: 251 creatures vanquished

Notes
Turn   | Place    | Note
--------------------------------------------------------------
     0 | D:1      | SumunSinsot, the Draconian Berserker, began the quest for the Orb.
     0 | D:1      | Reached XP level 1. HP: 19/19 MP: 1/1
   264 | D:1      | Reached XP level 2. HP: 21/26 MP: 2/2
   743 | D:1      | Acquired Trog's second power
   890 | D:2      | Found an iron altar of Okawaru.
   895 | D:2      | Noticed Jessica
   909 | D:2      | Killed Jessica
   909 | D:2      | Reached XP level 3. HP: 26/33 MP: 3/3
  1033 | D:2      | Reached skill level 4 in Fighting
  1131 | D:2      | Reached XP level 4. HP: 33/40 MP: 4/4
  1329 | D:2      | Noticed Sigmund
  1335 | D:2      | Killed Sigmund
  1335 | D:2      | Reached XP level 5. HP: 47/47 MP: 5/5
  1463 | D:2      | Found a shadowy altar of Dithmenos.
  1809 | D:3      | Acquired Trog's third power
  2171 | D:3      | Noticed Ijyb
  2181 | D:3      | Killed Ijyb
  2615 | D:4      | Noticed an ogre
  2624 | D:4      | Reached XP level 6. HP: 53/53 MP: 6/6
  2625 | D:4      | Killed an ogre
  2625 | D:4      | Reached skill level 5 in Fighting
  2733 | D:4      | Noticed Crazy Yiuf
  2748 | D:4      | Killed Crazy Yiuf
  3002 | D:4      | Noticed Pikel
  3002 | D:4      | Noticed a slave
  3002 | D:4      | Noticed a slave
  3002 | D:4      | Noticed a slave
  3003 | D:4      | Noticed a slave
  3009 | D:4      | Killed Pikel
  3009 | D:4      | Reached skill level 5 in Axes
  3009 | D:4      | Reached skill level 6 in Dodging
  3009 | D:4      | Your scales start taking on a rich purple colour.
  3009 | D:4      | Reached XP level 7. HP: 62/62 MP: 7/7
  3072 | D:5      | Entered Level 5 of the Dungeon
  3072 | D:5      | Noticed Edmund
  3081 | D:5      | Killed Edmund
  3081 | D:5      | Reached skill level 1 in Stealth
  3181 | D:5      | Found a shattered altar of Ashenzari.
  3199 | D:5      | Reached XP level 8. HP: 70/70 MP: 8/8
  3303 | D:5      | Found Teifaec's Magic Scroll Shoppe.
  3309 | D:5      | Bought a scroll of brand weapon for 240 gold pieces
  3466 | D:5      | Found a white marble altar of Elyvilon.
  3476 | D:5      | Received a gift from Trog
  3629 | D:5      | Found a shattered altar of Ashenzari.
  4063 | D:6      | Noticed Menkaure
  4069 | D:6      | Killed Menkaure
  4069 | D:6      | Reached skill level 7 in Fighting
  4090 | D:6      | Found a staircase to the Ecumenical Temple.
  4106 | Temple   | Entered the Ecumenical Temple
  4227 | D:6      | Noticed Prince Ribbit
  4382 | D:6      | Killed Prince Ribbit
  4544 | D:7      | Reached XP level 9. HP: 79/79 MP: 3/9
  4639 | D:7      | Found a snail-covered altar of Cheibriados.
  4645 | D:7      | Found a glowing golden altar of the Shining One.
  4646 | D:7      | Found a white marble altar of Elyvilon.
  4646 | D:7      | Found an ancient bone altar of Kikubaaqudgha.
  4647 | D:7      | Found a stormy altar of Qazlal.
  4658 | D:7      | Found a sparkling altar of Nemelex Xobeh.
  5008 | D:7      | Found a shimmering altar of Xom.
  5255 | D:8      | Noticed Grum
  5264 | D:8      | Received a gift from Trog
  5264 | D:8      | Reached skill level 8 in Axes
  5274 | D:8      | Killed Grum
  5304 | D:8      | Noticed Blork the orc
  5312 | D:8      | Killed Blork the orc
  5396 | D:8      | Noticed Gastronok
  5420 | D:8      | Killed Gastronok
  5420 | D:8      | Reached skill level 9 in Axes
  5420 | D:8      | Reached XP level 10. HP: 90/90 MP: 3/10
  5940 | D:9      | Found a staircase to the Lair.
  5950 | D:9      | Noticed an elephant
  5976 | D:9      | Killed an elephant
  6050 | Lair:1   | Entered Level 1 of the Lair of Beasts
  6063 | Lair:1   | Reached skill level 10 in Axes
  6275 | Lair:1   | Reached skill level 10 in Fighting
  6298 | Lair:1   | Received a gift from Trog
  6341 | Lair:1   | Noticed a five-headed hydra
  6351 | Lair:1   | Slain by a 11-headed hydra

Action                   |  1- 3 |  4- 6 |  7- 9 | 10-12 || total
-------------------------+-------+-------+-------+-------++-------
Melee: Hand axe          |   111 |    82 |       |       ||   193
       War axe           |       |    98 |    48 |       ||   146
       Battleaxe         |       |       |   231 |   128 ||   359
Invok: Berserk           |     1 |     5 |    10 |     3 ||    19
       Burn Spellbooks   |       |     1 |       |       ||     1
       Brothers in Arms  |       |       |     1 |       ||     1
 Abil: Evoke Flight      |     1 |       |       |       ||     1
       Breathe Dispellin |       |       |     2 |       ||     2
  Use: Scroll            |     7 |     6 |     8 |       ||    21
       Potion            |     1 |       |       |     2 ||     3
 Stab: Sleeping          |       |       |     1 |       ||     1
  Eat: Pizza             |     1 |       |     2 |       ||     3
       Chunk             |       |     1 |       |       ||     1
       Meat ration       |       |     2 |       |     1 ||     3
       Fruit             |       |     2 |     5 |       ||     7
       Beef jerky        |       |       |     2 |       ||     2
       Bread ration      |       |       |     2 |     1 ||     3
